 Dungeon Crawl Stone Soup version 0.17-a0-2093-gc772f4b (webtiles) character file.

77 ololoev the Firebug (level 4, 27/30 HPs)
             Began as a Demonspawn Fire Elementalist on Oct 16, 2015.
             Quit the game on level 2 of the Dungeon.
             The game lasted 00:04:49 (1518 turns).

ololoev the Firebug (Demonspawn Fire Elementalist)  Turns: 1518, Time: 00:04:50

Health: 27/30      AC:  4    Str:  9    XL:     4   Next: 13%
Magic:  1/8        EV: 12    Int: 17    God:
Gold:   85         SH:  0    Dex: 13    Spells: 2 memorised, 4 levels left

rFire  . . .     SeeInvis .     k - +1 dagger (drain)
rCold  + . .     Clarity  .     a - +0 robe
rNeg   . . .     SustAt   .     (no shield)
rPois  .         Gourm    .     (helmet restricted)
rElec  .         Spirit   .     (no cloak)
rCorr  .         Warding  .     (no gloves)
rMut   .         Stasis   .     (no boots)
MR     .....                    (no amulet)
Stlth  ++++......               q - ring of protection from cold
                                i - ring of stealth

@: not resistant to hostile enchantments, stealthy
A: antennae 1, yellow scales 1, nightstalker 1
a: no special abilities


Innate Abilities, Weirdness & Mutations

You have a pair of small antennae on your head.
You are partially covered in yellow scales (AC +2).
You are slightly more attuned to the shadows.

Inventory:

Hand Weapons
 k - a +1 dagger of draining (weapon)
Armour
 a - a +0 robe (worn)
Jewellery
 i - a ring of stealth (left hand)
 q - a ring of protection from cold (right hand)
Scrolls
 d - a scroll of fear {unknown}
 e - 2 scrolls of remove curse
 g - 2 scrolls of magic mapping {unknown}
 h - a scroll of teleportation {unknown}
 j - a scroll of amnesia {unknown}
 l - a scroll of enchant armour {unknown}
 o - a scroll of blinking {unknown}
 p - a scroll of enchant weapon {unknown}
 s - a scroll of identify {unknown}
Potions
 f - 2 potions of cancellation {unknown}
 n - a potion of might {unknown}
Books
 b - a book of Flames

   Spells                             Type                      Level
   a - Flame Tongue                   Conjuration/Fire             1
   b - Throw Flame                    Conjuration/Fire             2
   c - Conjure Flame                  Conjuration/Fire             3
   d - Inner Flame                    Hexes/Fire                   3
   e - Sticky Flame                   Conjuration/Fire             4
   f - Fireball                       Conjuration/Fire             5
Comestibles
 c - 2 bread rations
 m - 5 fruits
 r - 2 chunks of flesh


   Skills:
 - Level 1.7 Dodging
 - Level 1.7 Stealth
 + Level 2.6 Spellcasting
 * Level 2.6 Conjurations
 + Level 3.3 Fire Magic


You had 4 spell levels left.
You knew the following spells:

 Your Spells              Type           Power        Failure   Level  Hunger
a - Flame Tongue          Conj/Fire      ##...        6%          1    #......
b - Conjure Flame         Conj/Fire      ##......     17%         3    ###....


You were on level 2 of the Dungeon.
You were not hungry.

You visited 1 branch of the dungeon, and saw 2 of its levels.

You collected 85 gold pieces.

##..#.#.........>#
#.....#...########
#.#.#.#...# #####
#.#...#...# ##....
#.##..#...# ......
#<##..##### ......
..#..>#
......####†###
.......)@..#
...(..######
...... ......
######

Notes
Turn   | Place    | Note
--------------------------------------------------------------
     0 | D:1      | ololoev the Demonspawn Fire Elementalist began the quest for the Orb.
     0 | D:1      | Reached XP level 1. HP: 13/13 MP: 3/3
   191 | D:1      | Gained mutation: You are partially covered in yellow scales (AC +2). [demonic ancestry]
   191 | D:1      | Reached XP level 2. HP: 4/19 MP: 0/5
   760 | D:1      | Reached skill level 3 in Fire Magic
   923 | D:1      | Gained mutation: You are slightly more attuned to the shadows. [demonic ancestry]
   923 | D:1      | Reached XP level 3. HP: 18/24 MP: 6/6
  1220 | D:2      | Found a shattered altar of Ashenzari.
  1358 | D:2      | Learned a level 3 spell: Conjure Flame
  1499 | D:2      | Noticed Terence
  1517 | D:2      | Killed Terence
  1517 | D:2      | Gained mutation: You have a pair of small antennae on your head. [demonic ancestry]
  1517 | D:2      | Reached XP level 4. HP: 26/30 MP: 1/8
  1518 | D:2      | Quit the game

Dungeon Overview and Level Annotations

Branches:
Dungeon (2/15)

Altars:
Ashenzari


Message History

The flame tongue hits Terence.
Terence appears unharmed.
Terence is moderately wounded.
Terence closely misses you.
Casting: Flame Tongue
Confirm with . or Enter, or press ? or * to list all spells.
Aiming: Flame Tongue
Press: ? - help, Shift-Dir - straight line, f/p - Terence
Aim: Terence, wielding a flail and wearing a scale mail (moderately wounded)
The flame tongue misses Terence.
Terence misses you.
Casting: Flame Tongue
Confirm with . or Enter, or press ? or * to list all spells.
Aiming: Flame Tongue
Press: ? - help, Shift-Dir - straight line, f/p - Terence
Aim: Terence, wielding a flail and wearing a scale mail (moderately wounded)
The flame tongue hits Terence.
Terence is heavily wounded.
Terence barely misses you.
You hit Terence. You drain Terence!
Terence is almost dead.
You closely miss Terence.
Terence is almost dead.
Terence hits you with a flail.
You hit Terence.
Terence is almost dead.
Terence misses you.
You barely miss Terence.
Terence is almost dead.
Terence closely misses you.
You barely miss Terence.
Terence is almost dead.
Terence closely misses you.
You hit Terence but do no damage.
Terence is almost dead.
Terence hits you but does no damage.
You hit Terence but do no damage. You drain Terence!
You kill Terence!
You have reached level 4!
You feel stronger.
Your demonic ancestry asserts itself...
A pair of antennae grows on your head!
Are you sure you want to abandon this character and quit the game? (Confirm with "yes".)

There were no monsters in sight!

Vanquished Creatures
  Terence (D:2)
  An adder (D:2)
  A worm (D:2)
  A ball python (D:2)
  3 bats
  4 goblins (D:1)
  4 hobgoblins (D:1)
  3 jackals (D:1)
  4 kobolds (D:1)
  3 giant cockroaches
  3 giant newts (D:1)
  14 rats
42 creatures vanquished.

Action                   |  1- 3 |  4- 6 || total
-------------------------+-------+-------++-------
Melee: Dagger            |    83 |       ||    83
       Short sword       |     6 |       ||     6
 Cast: Flame Tongue      |    25 |       ||    25
  Use: Scroll            |     1 |       ||     1
 Stab: Sleeping          |    10 |       ||    10
  Eat: Chunk             |     2 |       ||     2

Vault maps used:
D:1:      lightli_iron_boxes, minmay_rat_gold_closets
D:2:      lemuel_round_altar, lemuel_zombie_altar_yredelemnul,
          gammafunk_temple_overflow_pools, uniq_terence, uniq_natasha,
          uniq_jessica
